 Seeded DCSS version 0.30.1-9-gdf580d7c3d (webtiles) character file.

Game seed: 920673320228942481 (custom seed)

56 Psyclone the Conjurer (level 3, -3/21 HPs)
             Began as an Octopode Conjurer on Oct 10, 2023.
             Killed from afar by Blork the orc (6 damage)
             ... with a puff of flame
             ... on level 4 of the Dungeon.
             The game lasted 00:02:12 (1115 turns).

Psyclone the Conjurer (Octopode Conjurer)           Turns: 1115, Time: 00:02:12

Health: -3/21      AC:  1    Str:  6    XL:     3   Next: 95%
Magic:  1/6        EV: 13    Int: 20    God:
Gold:   4006       SH:  0    Dex: 10    Spells: 3/6 levels left

rFire   + . .        j - staff of fire
rCold   . . .        (no shield)
rNeg    . . .        (helmet restricted)
rPois   .            (no amulet)
rElec   .            c - ring of wizardry
rCorr   .            (no ring)
SInv    .            (no ring)
Will    .....        (no ring)
Stlth   +++          (no ring)
HPRegen 0.23/turn    (no ring)
MPRegen 0.10/turn    (no ring)
                     (no ring)

%: wizardry (x1)
@: no status effects
A: almost no armour, amphibious, 8 rings, camouflage 1, gelatinous body 1,
(nimble swimmer 1), tentacles, tentacle spike 1, dopey 1, teleportitis 1,
evolution 2
a: no special abilities


You were on level 4 of the Dungeon.
You visited 1 branch of the dungeon, and saw 4 of its levels.

You collected 4047 gold pieces.
You spent 41 gold pieces at shops.

Inventory:

Magical Staves
 j - a staff of fire (weapon)
Jewellery
 c - a ring of wizardry (left tentacle)
Scrolls
 e - a scroll of amnesia {unknown}
 g - a scroll of fear {unknown}
 h - a scroll of identify {unknown}
Potions
 a - a potion of magic
 b - 2 potions of mutation
 d - a potion of lignification {unknown}
 f - a potion of degeneration {unknown}
 i - a potion of invisibility {unknown}


   Skills:
 - Level 2.0 Dodging
 - Level 2.6 Stealth
 - Level 2.0 Spellcasting
 + Level 5.4 Conjurations


You had 3 spell levels left.
You knew the following spells:

 Your Spells              Type           Power      Damage    Failure   Level
a - Magic Dart            Conj           92%        1d7       1%          1
b - Searing Ray           Conj           46%        2d6       1%          2

Your spell library contained the following spells:

 Spells                   Type           Power      Damage    Failure   Level
 Foxfire                  Conj/Fire      76%        2x1d7     2%          1
 Dazzling Flash           Conj/Hex       24%        N/A       6%          3
 Vampiric Draining        Necr           2%         2d6       19%         3
 Fulminant Prism          Conj/Hex       6%         3d7       21%         4
 Iskenderun's Mystic Bla  Conj/Tloc      12%        2d5       21%         4
 Fireball                 Conj/Fire      9%         3d6       47%         5
 Borgnjor's Vile Clutch   Necr/Erth      1%         N/A       83%         5
 Starburst                Conj/Fire      9%         6d5       95%         6
 Plasma Beam              Fire/Air       1%         2x1d12    100%        6
 Borgnjor's Revivificati  Necr           1%         N/A       100%        8


Dungeon Overview and Level Annotations

Branches:
Dungeon (4/15) Zot: 22884
 Temple: D:4-7

Altars:

Shops:
D:3 *:

Annotations:
D:4 Blork the orc


Innate Abilities, Weirdness & Mutations

You cannot wear most types of armour.
You are amphibious.
You can wear up to eight rings at the same time.
Your skin changes colour to match your surroundings (Stealth+).
Your rubbery body absorbs attacks. (AC +1, EV +1)
((You are camouflaged when in or above water. (Stealth+)))
You have tentacles for arms and can constrict up to eight enemies at once.
One of your tentacles bears a spike.
You are dopey. (Int -2)
You are occasionally teleported next to monsters.
You have great hidden genetic potential.


Message History

Casting: Searing Ray (safe; 1% risk of failure)
Confirm with . or Enter, or press ? or * to list all spells.
Aiming: Searing Ray (safe; 1% risk of failure)
Press: ? - help, Shift-Dir - straight line, f - Blork the orc
Aim: Blork the orc, wielding a +0 war axe and wearing a +0 robe (fast, 81% to hit)
The searing ray hits Blork the orc!
Blork the orc is moderately wounded.
The searing ray hits the quokka but does no damage. (Press . to maintain the ray.) Blork the orc hits you with a +0 war axe!
Ouch! That really hurt!
You take 13 damage, and have 8/21 hp.
MASSIVE DAMAGE!!
You now have 4/6 mp.
The searing ray hits Blork the orc.
Blork the orc is moderately wounded.
The searing ray hits the quokka.
The quokka is heavily wounded.
Blork the orc barely misses you. Blork the orc closely misses you.
You now have 3/6 mp.
The searing ray hits Blork the orc!
Blork the orc is heavily wounded.
The searing ray hits the quokka!
You kill the quokka!
Blork the orc casts a cantrip, but nothing happens.
You now have 2/6 mp.
The searing ray hits Blork the orc!
Blork the orc is almost dead.
The searing ray hits the endoplasm!
You kill the endoplasm!
You finish channelling your searing ray.
Blork the orc screams, "I'll eat your brain!
And then I'll vomit it back up!"
Blork the orc misses you.
Blork the orc hits you with a +0 war axe.
* * * LOW HITPOINT WARNING * * *
You take 5 damage, and have 3/21 hp.
MASSIVE DAMAGE!!
You now have 1/6 mp.
You hit Blork the orc. Your grab misses Blork the orc.
Your tentacle spike misses Blork the orc.
Blork the orc is almost dead.
Blork the orc casts a spell at you. The puff of flame hits you. You resist.
You die...

# ### ....... # #.## .....
# #..# ##...## # #..###
#.....# #.. # ####..#<#
#...# #..# #
#.......#####.####...# #
#.##......##...##....# #
#.##.#####.##o###..>..
####.##.# #.##@#.#..##
...).##.#####.#........#
......#.....#.#.##.##.## #
#####.#####.#.#.......##.#
........###.#.#..#.......#
#####.......#.#######.####
...##...#####.....# #.#
...##^###########.# #.#
#####.# #....[# #.# #.#


You could see Blork the orc (fast).

Vanquished Creatures
  A hound (D:4)
  A worm (D:3)
  2 dart slugs
  2 endoplasms
  A hobgoblin (D:4)
  A quokka (D:4)
  5 ball pythons
  A bat (D:3)
  3 kobolds
  3 rats
20 creatures vanquished.

Notes
Turn   | Place    | Note
-------+----------+-------------------------------------------
     0 | D:1      | Psyclone the Octopode Conjurer began the quest for the Orb.
     0 | D:1      | Reached XP level 1. HP: 11/11 MP: 3/3
   285 | D:1      | Identified 3 scrolls of acquirement
   285 | D:1      | Acquired 1312 gold pieces
   293 | D:1      | Acquired 1281 gold pieces
   308 | D:1      | Acquired 1321 gold pieces
   336 | D:2      | Reached XP level 2. HP: 17/17 MP: 0/5
   537 | D:3      | Learned a level 2 spell: Searing Ray
   698 | D:3      | Found Xyxiz's Assorted Antiques.
   709 | D:3      | Bought 2 fizzy ruby potions for 41 gold pieces
   766 | D:3      | Found Rylak's Book Boutique.
   817 | D:3      | Gained mutation: You are dopey. (Int -2) [potion of
                  | mutation]
   817 | D:3      | Gained mutation: You are occasionally teleported next to
                  | monsters. [potion of mutation]
   817 | D:3      | Gained mutation: One of your tentacles bears a spike.
                  | [potion of mutation]
   817 | D:3      | Gained mutation: You have hidden genetic potential. [potion
                  | of mutation]
   885 | D:4      | Reached skill level 5 in Conjurations
   885 | D:4      | Reached XP level 3. HP: 15/21 MP: 0/6
   902 | D:4      | Gained mutation: You have great hidden genetic potential.
                  | [hidden potential]
  1043 | D:4      | Got the Precepts of Hapless Last Rites
  1103 | D:4      | Noticed Blork the orc
  1115 | D:4      | Killed from afar by Blork the orc

Illustrated notes

Levels and vault maps discovered:
D:1:      dpeg_arrival_orchard, layout_basic
D:2:      layout_loops_corners, uniq_natasha, uniq_crazy_yiuf_cottage
D:3:      layout_basic, serial_shops, nicolae_shop_stone, shop
D:4:      layout_basic, nicolae_figureground_sparkle, uniq_sigmund, uniq_robin,
          uniq_blork_the_orc

Skill      XL: |  1  2 |
---------------+-------+-----
Conjurations   | 5 |  5.4
Dodging        | |  2.0
Stealth        | |  2.6
Spellcasting   | |  2.0

Action                     || total
---------------------------++-------
  Melee: Unarmed           ||     2
         Tentacles         ||     2
         Staff             ||     6
         Kick              ||     2
         Constrict         ||     1
   Cast: Magic Dart        ||    23
         Searing Ray       ||     3
    Use: Scroll            ||     3
         Potion            ||     2
  Dodge: Dodged            ||    12
